Map: Stasis LE

Players

Future - Winner!

  • Race: Terran Terran
  • League: Grandmaster
  • Spawn Location: 1:00

Tesla (Rob)

  • Race: Protoss Protoss
  • League: Grandmaster
  • Spawn Location: 11:00

Event: Cheeseadelphia 8

VOD

Have the link to the VOD?

Description

Time

  • Played on: Dec. 9, 2018, 11:11 a.m.
  • Length: 10:20

All games in this series

Show
View Real Time Build Order
Export as new Build Order

Future Terran - Winner!

Build Orders: Gas First Reaper Expand 

Get SALT Encoding   

  12  0:00  SCV  
  13  0:12  SCV  
  14  0:18  Supply Depot  
  14  0:24  SCV  
  15  0:29  Refinery  
  15  0:39  SCV  
  16  0:45  Barracks  
  16  0:51  SCV  
  17  1:03  SCV  
  18  1:16  SCV  
  19  1:32  Reaper, Orbital Command  
  20  1:45  Command Center  
  20  1:57  Factory  
  20  2:01  SCV  
  21  2:07  Barracks Reactor  
  21  2:12  Refinery  
  21  2:17  SCV  
  21  2:20  Supply Depot  
  22  2:29  SCV  
  23  2:42  SCV, Starport  
  24  2:46  Marine, Widow Mine  
  27  2:54  SCV  
  27  2:55  Marine  
  29  3:03  Orbital Command  
  29  3:06  Marine  
  29  3:10  SCV  
  31  3:16  Widow Mine  
  32  3:21  Medivac  
  32  3:22  SCV  
  32  3:24  Marine  
  32  3:26  Marine  
  37  3:29  SCV  
  38  3:34  SCV  
  38  3:37  Supply Depot  
  38  3:41  SCV  
  40  3:42  Widow Mine  
  40  3:47  Marine x2, SCV  
  45  3:53  SCV  
  44  3:59  SCV  
  44  4:05  Marine x2, SCV  
  47  4:11  SCV  
  47  4:16  Barracks  
  48  4:17  Barracks, SCV  
  48  4:18  Factory Tech Lab, Starport Tech Lab  
  48  4:23  Supply Depot, Marine, SCV  
  51  4:24  Marine  
  51  4:29  SCV  
  53  4:33  Bunker  
  53  4:35  SCV  
  53  4:37  Supply Depot  
  54  4:45  Marine x2, SCV  
  55  4:46  Factory Reactor  
  55  4:47  Starport Reactor, SCV  
  55  4:49  Engineering Bay  
  58  4:57  SCV  
  58  4:58  Supply Depot  
  58  4:59  SCV  
  60  5:08  Supply Depot  
  60  5:09  Refinery, Marine x2  
  60  5:11  SCV  
  60  5:13  Stimpack, Combat Shield  
  63  5:15  Marine x2  
  63  5:18  SCV  
  66  5:23  SCV  
  66  5:25  Supply Depot  
  66  5:27  Viking  
  69  5:29  Viking  
  69  5:33  Widow Mine  
  69  5:34  Widow Mine  
  73  5:43  Supply Depot x2, Marine x3  
  73  5:45  Marine  
  75  5:57  Viking  
  74  5:59  Viking  
  77  6:04  SCV  
  77  6:05  Marine x2, SCV  
  77  6:06  Marine x2  
  77  6:09  Widow Mine x2  
  83  6:13  Terran Infantry Weapons Level 1  
  81  6:28  Viking  
  81  6:29  Viking  
  81  6:31  Marine x2  
  85  6:33  SCV  
  85  6:34  SCV  
  85  6:39  Marauder  
  89  6:41  Marauder  
  89  6:53  Marine x2  
  90  7:00  Marauder  
  90  7:01  Viking  
  90  7:02  Viking, Marauder  
  90  7:03  Widow Mine  
  90  7:04  Widow Mine  
  100  7:09  Supply Depot x2  
  100  7:16  Marine  
  100  7:19  Liberator, Marine  
  100  7:20  Liberator  
  100  7:22  Marauder  
  104  7:23  Marauder  
  109  7:38  Marine x2  
  109  7:43  Supply Depot  
  114  7:45  Supply Depot, Command Center  
  114  7:54  Barracks  
  114  7:55  Barracks  
  114  8:00  Marauder x2  
  114  8:03  Marine x2  
  121  8:05  SCV x2  
  121  8:09  Liberator  
  121  8:10  Liberator  
  121  8:11  Refinery  
  122  8:24  Marauder  
  122  8:25  Marauder  
  129  8:27  Ghost Academy  
  126  8:40  Marine  
  117  8:46  Marauder x2  
  116  8:50  Marine  
  116  8:52  Widow Mine  
  108  8:57  Liberator, Barracks Reactor, Barracks Tech Lab  
  98  9:04  Marine  
  98  9:05  SCV x2  
  98  9:07  Marauder  
  98  9:08  Marine, Marauder  
  101  9:17  SCV  
  101  9:18  SCV, Orbital Command  
  101  9:20  Liberator  
  100  9:26  Marauder  
  100  9:27  Marine  
  100  9:29  SCV  
  100  9:30  SCV  
  105  9:32  Marauder x2  
  112  9:41  SCV  
  112  9:42  SCV  
  112  9:44  SCV  
  110  9:48  Marauder  
  110  9:50  Marine  
  110  9:52  Marine  
  114  9:53  Marauder  
  114  9:54  SCV  
  114  9:55  Marine, Marauder  
  114  9:57  Marine  
Show
View Real Time Build Order
Export as new Build Order

Tesla Protoss 

Build Orders: 1 Gate Expand 

Get SALT Encoding   

  12  0:00  Probe  
  13  0:12  Probe  
  14  0:18  Pylon  
  14  0:24  Probe  
  15  0:32  Probe  
  15  0:36  Gateway  
  15  0:41  Probe  
  16  0:48  Assimilator  
  17  0:51  Probe  
  18  1:03  Probe  
  19  1:15  Probe  
  20  1:25  Nexus  
  20  1:34  Cybernetics Core  
  20  1:37  Probe  
  21  1:42  Assimilator  
  21  1:49  Probe  
  21  1:52  Pylon  
  22  2:01  Stalker, Probe  
  23  2:13  Probe  
  23  2:14  Warp Gate  
  25  2:23  Probe  
  26  2:31  Adept  
  26  2:33  Probe  
  26  2:35  Probe  
  29  2:42  Probe  
  29  2:43  Stargate  
  29  2:44  Probe  
  31  2:56  Probe  
  31  2:57  Probe  
  32  3:08  Probe  
  32  3:09  Probe  
  34  3:19  Probe  
  34  3:21  Probe  
  34  3:26  Fleet Beacon  
  36  3:27  Probe  
  36  3:33  Probe  
  38  3:35  Assimilator  
  38  3:37  Probe  
  38  3:39  Assimilator  
  39  3:43  Stalker  
  39  3:45  Probe  
  43  3:55  Probe  
  43  3:57  Probe  
  46  4:10  Tempest  
  46  4:13  Shield Battery  
  46  4:15  Pylon x2  
  46  4:33  Probe x2  
  46  4:34  Gateway x2, Stalker  
  50  4:40  Shield Battery  
  50  4:43  Tempest, Shield Battery  
  51  4:52  Probe  
  51  4:55  Probe  
  57  5:00  Stalker  
  57  5:05  Probe  
  60  5:08  Probe  
  60  5:11  Twilight Council  
  61  5:14  Pylon  
  61  5:17  Pylon  
  61  5:21  Tempest  
  61  5:27  Pylon  
  65  5:48  Charge  
  65  5:49  Pylon, Robotics Facility  
  65  5:52  Templar Archives  
  65  6:04  Tempest  
  65  6:08  Probe  
  71  6:21  Psionic Storm  
  71  6:34  Nexus, Probe  
  71  6:37  Tempest, Pylon  
  71  6:38  Observer  
  73  6:50  Probe  
  73  6:51  Probe  
  80  6:55  Gateway  
  80  7:02  Gateway  
  80  7:05  Assimilator, Probe x2  
  80  7:08  Assimilator  
  72  7:18  Probe  
  72  7:22  Zealot x3  
  74  7:26  Probe  
  74  7:29  Probe  
  75  7:31  Immortal  
  80  7:38  Gateway  
  80  7:42  Gateway  
  80  7:45  Forge  
  80  7:46  High Templar  
  80  7:47  High Templar  
  80  7:48  Probe  
  80  7:50  High Templar  
  87  7:52  Probe  
  87  7:57  Probe  
  87  7:58  High Templar x2  
  90  8:00  Probe x2  
  90  8:05  Probe  
  94  8:11  Gateway x2  
  95  8:13  Pylon  
  94  8:22  Zealot x2  
  97  8:27  Zealot  
  97  8:28  Observer  
  90  8:41  Zealot x2  
  90  8:42  Zealot x2  
  91  8:53  Stalker x3  
  90  9:02  Archon  
  80  9:03  Archon  
  80  9:04  Zealot x3  
  74  9:15  Zealot x3  
  66  9:23  High Templar x3  
  64  9:27  Archon  
  64  9:28  High Templar, Zealot  
  64  9:29  Zealot  
  70  9:32  Archon  
  70  9:34  Tempest  
  71  9:52  Stalker x3  
  71  10:02  Zealot  
  71  10:04  Zealot x2  
Tags
 
Add a new tag
Caveats
  • Supply blocks, unpowered buildings, or Contaminate may cause inaccurate times.
  • Supply counts are checked every 10 seconds.